 Dungeon Crawl Stone Soup version 0.20-a0-454-g2b43fbb (webtiles) character file.

873 HarleyQuinn the Martial Artist (level 7, 0/50 HPs)
             Began as a Demonspawn Gladiator on Jan 9, 2017.
             Slain by an ogre
             ... wielding a +0 giant spiked club
              (20 damage)
             ... on level 4 of the Dungeon.
             The game lasted 00:05:15 (5243 turns).

HarleyQuinn the Martial Artist (DsGl)               Turns: 5243, Time: 00:05:16

Health: 0/50       AC:  8    Str: 15    XL:     7   Next: 74%
Magic:  11/11      EV: 10    Int: 10    God:
Gold:   99         SH:  0    Dex: 15    Spells: 11/11 levels left

rFire  . . .     SeeInvis +       - Unarmed
rCold  + . .     Gourm    .     j - +0 scale mail
rNeg   . . .     Faith    .     (no shield)
rPois  .         Spirit   .     (helmet unavailable)
rElec  .         Reflect  .     s - +0 cloak
rCorr  .         Harm     .     (no gloves)
MR     .....                    n - +0 pair of boots
Stlth  ..........               (no amulet)
                                (no ring)
                                l - ring of wizardry

@: no status effects
A: antennae 3, cold resistance 1, freezing cloud immunity
a: no special abilities


You were on level 4 of the Dungeon.
You were not hungry.

You visited 1 branch of the dungeon, and saw 5 of its levels.

You collected 99 gold pieces.

Inventory:

Hand Weapons
 f - a +2 rapier of flaming
Missiles
 c - 3 throwing nets (quivered)
Armour
 a - a +0 leather armour
 j - a +0 scale mail (worn)
 n - a +0 pair of boots (worn)
 s - a +0 cloak (worn)
Jewellery
 l - a ring of wizardry (left hand)
Scrolls
 b - a scroll of teleportation {unknown}
 e - 3 scrolls of remove curse {unknown}
 g - 2 scrolls of fear {unknown}
 h - 3 scrolls of enchant weapon {unknown}
 k - a scroll of immolation {unknown}
 o - a scroll of magic mapping {unknown}
 r - 2 scrolls of recharging {unknown}
 t - 3 scrolls of identify {unknown}
Comestibles
 d - 4 bread rations
 i - 4 meat rations


   Skills:
 - Level 2.0 Fighting
 - Level 1.7 Throwing
 - Level 2.6 Dodging
 - Level 8.0 Unarmed Combat
 + Level 2.7 Spellcasting


You had 11 spell levels left.
You didn't know any spells.

Dungeon Overview and Level Annotations

Branches:
Dungeon (5/15)
 Temple: D:4-7

Altars:


Innate Abilities, Weirdness & Mutations

You have a pair of large antennae on your head. (SInv)
Your flesh is cold resistant. (rC+)
You are immune to freezing clouds.


Message History

You are no longer poisoned.
You start resting.
All of the chunks of flesh in your inventory have rotted away.
You start resting.
An ogre comes into view. It is wielding a giant spiked club.
An ogre is nearby!
An ogre is nearby!
The ogre shouts!
Items here: )) [[ รท a mace; a leather armour; a scale mail; a flail; an orc skeleton
There is a stone staircase leading down, spattered with blood here.
The ogre barely misses you.
You barely miss the ogre. You hit the ogre.
The ogre is lightly wounded.
The ogre hits you with a giant spiked club!!
You punch the ogre!
The ogre is heavily wounded.
The ogre hits you with a giant spiked club!!
You die...

######## #......#
#......#
##......###########
.'......'.......)>#
##......###...[.#.#
.'......###.#.#.#O#
##......#.....#.#@#
#......#.##....#.#
#......#.#.....#.#
#......#.#.......#
##......#.###..####
....<#'##......######
........###.........#
........###.........#
........'...........#


You could see an ogre.

Vanquished Creatures
  Duvessa (D:4)
  2 ogres (D:4)
  A bullfrog (D:4)
  Dowan (D:4)
  A howler monkey (D:4)
  A hound (D:4)
  An orc priest (D:4)
  Terence (D:3)
  3 worker ants (D:4)
  3 orc wizards (D:4)
  A hound skeleton (D:4)
  Robin (D:4)
  6 adders
  An ooze (D:2)
  2 worms
  3 dart slugs (D:2)
  5 leopard geckos
  15 orcs
  3 ball pythons
  5 giant cockroaches
  12 hobgoblins
  A jackal (D:2)
  5 kobolds
  A quokka (D:4)
  5 bats
  4 frilled lizards (D:2)
  15 goblins
  8 rats
108 creatures vanquished.

Notes
Turn   | Place    | Note
-------+----------+-------------------------------------------
     0 | D:1      | HarleyQuinn the Demonspawn Gladiator began the quest for the Orb.
     0 | D:1      | Reached XP level 1. HP: 16/16 MP: 1/1
   430 | D:1      | Reached skill level 3 in Unarmed Combat
   497 | D:1      | Gained mutation: Your flesh is cold resistant. (rC+) [demonic ancestry]
   497 | D:1      | Reached XP level 2. HP: 22/22 MP: 2/2
  1392 | D:2      | Reached XP level 3. HP: 27/27 MP: 3/3
  1398 | D:2      | Reached skill level 4 in Unarmed Combat
  1949 | D:2      | Gained mutation: You have a pair of small antennae on your head. [demonic ancestry]
  1949 | D:2      | Reached XP level 4. HP: 33/33 MP: 4/4
  2325 | D:3      | Reached skill level 5 in Unarmed Combat
  2526 | D:3      | Noticed Terence
  2537 | D:3      | Killed Terence
  2537 | D:3      | Gained mutation: You have a pair of antennae on your head. [demonic ancestry]
  2537 | D:3      | Reached XP level 5. HP: 32/38 MP: 5/5
  3273 | D:4      | Noticed an ogre
  3285 | D:4      | Reached skill level 6 in Unarmed Combat
  3285 | D:4      | Gained mutation: You are immune to freezing clouds. [demonic ancestry]
  3285 | D:4      | Reached XP level 6. HP: 28/44 MP: 6/6
  3771 | D:4      | Reached skill level 7 in Unarmed Combat
  4129 | D:4      | Gained mutation: You have a pair of large antennae on your head. (SInv) [demonic ancestry]
  4129 | D:4      | Reached XP level 7. HP: 44/50 MP: 7/7
  4144 | D:4      | Noticed Robin
  4154 | D:4      | Killed Robin
  4488 | D:4      | Reached skill level 8 in Unarmed Combat
  4825 | D:5      | Entered Level 5 of the Dungeon
  4825 | D:5      | Noticed Duvessa
  4825 | D:5      | Noticed Dowan
  4839 | D:4      | Killed Duvessa
  4839 | D:4      | Reached skill level 1 in Spellcasting
  4863 | D:4      | Killed Dowan
  5243 | D:4      | Slain by an ogre

Vault maps used:
D:1:      dpeg_arrival_simpleton_a, minmay_misc_feat_doors,
          grunt_decor_arrowhead
D:2:      minmay_diamond_boxcup
D:3:      uniq_terence
D:4:      roderic_chinese_pattern_swastika, supply_closet_lemuel, uniq_robin
D:5:      kennysheep_mini, first_bread, bloody_trog, uniq_duvessa, uniq_menkaure

Skill      XL: |  1  2  3  4  5  6  7 |
---------------+----------------------+-----
Unarmed Combat | 3 4 5 6 7 8 |  8.0
Spellcasting   | 2 |  2.7
Fighting       | |  2.0
Throwing       | |  1.7
Dodging        | |  2.6

Action                   |  1- 3 |  4- 6 |  7- 9 || total
-------------------------+-------+-------+-------++-------
Melee: Unarmed           |   107 |   200 |   118 ||   425
       Punch             |       |     4 |     7 ||    11
  Use: Potion            |       |     2 |       ||     2
 Stab: Sleeping          |     2 |       |       ||     2
  Eat: Chunk             |     3 |     6 |     3 ||    12
       Beef jerky        |       |       |     1 ||     1
Armor: Leather armour    |    11 |       |       ||    11
       Scale mail        |    25 |    82 |    29 ||   136
Dodge: Dodged            |    43 |   118 |    44 ||   205
